 Dungeon Crawl Stone Soup version 0.22.1-5-g62c59d919a (webtiles) character file.

101 Forgol the Sneak (level 4, -2/29 HPs)
             Began as an Octopode Assassin on Jan 15, 2019.
             Killed from afar by an orc wizard (5 damage)
             ... with a puff of flame
             ... on level 3 of the Dungeon.
             The game lasted 00:06:23 (2424 turns).

Forgol the Sneak (Octopode Assassin)                Turns: 2424, Time: 00:06:24

Health: -2/29      AC:  1    Str: 10    XL:     4   Next: 75%
Magic:  4/4        EV: 13    Int: 16    God:
Gold:   162        SH:  0    Dex: 14    Spells: 3/3 levels left

rFire    . . .     SeeInvis .   a - +2 dagger
rCold    . . .     Gourm    .   (no shield)
rNeg     . . .     Faith    .   (helmet restricted)
rPois    .         Spirit   .   (no amulet)
rElec    .         Reflect  .   g - +3 ring of intelligence
rCorr    .         Harm     .   (no ring)
MR       .....                  (no ring)
Stlth    +++++.....             (no ring)
HPRegen  0.09/turn              (no ring)
MPRegen  0.09/turn              (no ring)
                                (no ring)
                                (no ring)

@: no status effects
A: almost no armour, stealthy swim, amphibious, 8 rings, constrict 8, camouflage
1, gelatinous body 1
a: no special abilities


You were on level 3 of the Dungeon.
You were hungry.

You visited 1 branch of the dungeon, and saw 3 of its levels.

You collected 162 gold pieces.

Inventory:

Hand Weapons
 a - a +2 dagger (weapon)
 b - a +0 blowgun
Missiles
 c - 32 poisoned needles
 d - 2 curare-tipped needles
Jewellery
 g - a +3 ring of intelligence (left tentacle)
Scrolls
 e - a scroll of blinking {unknown}
 j - 3 scrolls of remove curse
 k - a scroll of enchant weapon {unknown}
 l - a scroll of identify
 m - a scroll of magic mapping
Potions
 h - a potion of mutation {unknown}
Comestibles
 f - 2 rations


   Skills:
 - Level 2.0 Fighting
 * Level 4.8 Short Blades
 - Level 2.0 Throwing
 - Level 1.0 Dodging
 - Level 5.3 Stealth


You had 3 spell levels left.
You didn't know any spells.
Your spell library was empty.

Dungeon Overview and Level Annotations

Branches:
Dungeon (3/15)

Altars:


Innate Abilities, Weirdness & Mutations

You cannot wear most types of armour.
You are very stealthy in the water. (Stealth+)
You are amphibious.
You can wear up to eight rings at the same time.
You can use your tentacles to constrict eight enemies at once.
Your skin changes colour to match your surroundings (Stealth+).
Your rubbery body absorbs attacks. (AC +1, EV +1)


Message History

You are too injured to fight recklessly!
You are too injured to fight recklessly!
You are too injured to fight recklessly!
You are too injured to fight recklessly!
You are too injured to fight recklessly!
Unknown command.
You are too injured to fight recklessly!
You are too injured to fight recklessly!
You are too injured to fight recklessly!
You hit the orc. You grab the orc.
The orc is almost dead.
You constrict the orc.
You kill the orc!
You hear a splash.
The orc barely misses you. Something hits you. The orc hits you with a mace!
* * * LOW HITPOINT WARNING * * *
You hear some strange, mumbled words.
A puff of flame appears from out of thin air!
The puff of flame hits you!
You die...

# . #####.####
###......... ###
##.....#..... ..#
#..........# ..#
#.....o....## ..#
#..≈o≈)...... ..#
#.≈≈.@{≈...## ###
##P≈P.≈≈P♣..# # #####
#P≈≈≈.≈≈≈♣ .# # #...#
#♣≈P≈.≈≈≈♣ ####...#
#≈≈P≈.≈P≈≈..
<..#...####♣≈≈P.≈P≈♣##
...#...##.#≈≈≈≈)≈♣♣.##
.......'....≈≈≈.≈♣ ...
..
..≈#...##.#.♣≈≈.≈♣≈.##
. .


You could see 2 orcs.

Vanquished Creatures
  4 adders
  A worm (D:2)
  A dart slug (D:3)
  2 leopard geckos
  2 orcs (D:3)
  2 ball pythons
  4 bats
  2 giant cockroaches (D:2)
  8 hobgoblins
  7 jackals
  A quokka (D:2)
  6 frilled lizards
  6 goblins
  4 kobolds
  5 rats
55 creatures vanquished.

Vanquished Creatures (others)
  A kobold (D:1)
  A plant (D:3)
2 creatures vanquished.

Grand Total: 57 creatures vanquished

Notes
Turn   | Place    | Note
-------+----------+-------------------------------------------
     0 | D:1      | Forgol the Octopode Assassin began the quest for the Orb.
     0 | D:1      | Reached XP level 1. HP: 14/14 MP: 1/1
   413 | D:1      | Reached XP level 2. HP: 19/19 MP: 2/2
   926 | D:2      | Reached XP level 3. HP: 10/24 MP: 3/3
  1678 | D:3      | Reached XP level 4. HP: 19/29 MP: 4/4
  2424 | D:3      | Killed from afar by an orc wizard

Skill      XL: |  1  2  3 |
---------------+----------+-----
Short Blades   | 3 4 |  4.8
Fighting       | |  2.0
Throwing       | |  2.0
Dodging        | |  1.0
Stealth        | |  5.3

Action                   |  1- 3 |  4- 6 || total
-------------------------+-------+-------++-------
Melee: Dagger            |    84 |    32 ||   116
       Constrict         |    16 |     9 ||    25
       Tentacles         |    11 |     4 ||    15
  Use: Scroll            |     5 |       ||     5
 Stab: Sleeping          |    13 |     2 ||    15
  Eat: Chunk             |     2 |     2 ||     4
Armor: Skin              |     5 |     1 ||     6
Dodge: Dodged            |    49 |    14 ||    63
